 Dungeon Crawl Stone Soup version 0.30.1-11-g7821555f0a (webtiles) character file.

Game seed: 6031960079105331438

3680 monsoonserge the Skirmisher (level 9, -2/47 HPs)
             Began as a Spriggan Hunter on Oct 27, 2023.
             Was a Believer of Okawaru.
             Slain by a tengu warrior
             ... wielding a +0 war axe
              (16 damage)
             ... on level 8 of the Dungeon.
             The game lasted 00:17:41 (7158 turns).

monsoonserge the Skirmisher (Spriggan Hunter)       Turns: 7158, Time: 00:17:42

Health: -2/47      AC:  3    Str:  7    XL:     9   Next: 90%
Magic:  13/13      EV: 21    Int: 10    God:    Okawaru [**....]
Gold:   428        SH:  5    Dex: 23    Spells: 10/12 levels left

rFire   . . .        M - +1 shortbow (drain)
rCold   . . .        (shield currently unavailable)
rNeg    + . .        I - +0 robe of Elogekoagg {rElec rPois rCorr Slay+3}
rPois   +            (helmet restricted)
rElec   +            k - +0 cloak
rCorr   +            (gloves unavailable)
SInv    +            (boots unavailable)
Will    +....        v - amulet of reflection
Stlth   +++          r - ring of positive energy
HPRegen 0.27/turn    (no ring)
MPRegen 0.13/turn

%: reflection
@: very quick
A: very small, no large weapons, unfitting armour, see invisible, speed 3
a: Renounce Religion, Heroism


You were on level 8 of the Dungeon.
You worshipped Okawaru.
Okawaru was pleased with you.
You visited 2 branches of the dungeon, and saw 9 of its levels.

You collected 428 gold pieces.

Inventory:

Hand Weapons
 x - a +0 sling
 C - a +0 arbalest
 M - a +1 shortbow of draining (weapon)
Missiles
 p - 9 poisoned darts
 G - a throwing net
 H - 5 atropa-tipped darts
Armour
 c - +0 steam dragon scales
 k - a +0 cloak (worn)
 I - the +0 robe of Elogekoagg (worn) {rElec rPois rCorr Slay+3}
   (You found it on level 7 of the Dungeon)

   Slay:      It affects your accuracy & damage with ranged weapons and melee
   (+3).
   rElec:     It insulates you from electricity.
   rPois:     It protects you from poison.
   rCorr:     It protects you from acid and corrosion.
Magical Staves
 f - a staff of conjuration
Jewellery
 r - a ring of positive energy (left hand)
 v - an amulet of reflection (around neck)
 K - a ring of ice
Wands
 o - a wand of polymorph (17)
 E - a wand of acid (7)
 F - a wand of flame (15)
 J - a wand of mindburst (24)
Scrolls
 b - 3 scrolls of immolation
 d - 2 scrolls of poison {unknown}
 h - 4 scrolls of fog {unknown}
 j - a scroll of enchant armour {unknown}
 l - 2 scrolls of fear {unknown}
 m - 10 scrolls of identify {unknown}
 q - 5 scrolls of teleportation {unknown}
 u - 2 scrolls of noise {unknown}
 w - 5 scrolls of silence
 y - 4 scrolls of blinking {unknown}
 D - 2 scrolls of vulnerability {unknown}
 L - a scroll of amnesia {unknown}
Potions
 a - a potion of cancellation {unknown}
 e - 3 potions of heal wounds {unknown}
 g - 3 potions of curing {unknown}
 i - a potion of invisibility {unknown}
 n - a potion of flight {unknown}
 s - 4 potions of might {unknown}
 t - a potion of magic {unknown}
 z - 2 potions of haste {unknown}
 A - a potion of degeneration {unknown}
 B - a potion of lignification {unknown}


   Skills:
 + Level 5.0 Fighting
 + Level 11.5 Ranged Weapons
 + Level 5.2 Dodging
 + Level 4.1 Stealth
 - Level 2.0 Spellcasting
 + Level 6.0 Translocations
 * Level 2.9 Invocations
 + Level 1.0 Evocations


You had 10 spell levels left.
You knew the following spells:

 Your Spells              Type           Power      Damage    Failure   Level
a - Blink                 Tloc           26%        N/A       4%          2

Your spell library contained the following spells:

 Spells                   Type           Power      Damage    Failure   Level
 Manifold Assault         Tloc           13%        N/A       26%         4
 Magic Dart               Conj           4%         1d3       30%         1
 Poisonous Vapours        Pois/Air       2%         N/A       43%         2
 Searing Ray              Conj           2%         2d4       43%         2
 Static Discharge         Conj/Air       2%         2-3/arc   43%         2
 Mephitic Cloud           Conj/Pois/Air  1%         N/A       67%         3
 Airstrike                Air            0%         2d(1-17)  97%         4
 Fulminant Prism          Conj/Hex       0%         3d5       97%         4
 Blade Hands              Tmut           0%         N/A       100%        5
 Freezing Cloud           Conj/Ice/Air   0%         6-21      100%        5
 Irradiate                Conj/Tmut      0%         3d11      100%        5
 Dragon Form              Tmut           0%         N/A       100%        7
 Storm Form               Tmut/Air       0%         N/A       100%        7
 Summon Lightning Spire   Summ/Air       Unusable   N/A       N/A         4

Dungeon Overview and Level Annotations

Branches:
Dungeon (8/15)             Temple (1/1) D:6
   Lair: D:8-11

Altars:
Ashenzari
Cheibriados
Elyvilon
Fedhas
Gozag
Hepliaklqana
Kikubaaqudgha
Makhleb
Nemelex Xobeh
Okawaru
Qazlal
Ru
Sif Muna
Uskayaw
Wu Jian
Xom
Yredelemnul
Zin
The Shining One

Annotations:
D:3 1 runed translucent door, kaesle's ghost, amateur HOFi


Innate Abilities, Weirdness & Mutations

You are very small and have problems with some larger weapons.
You are too small for most types of armour.
You have supernaturally acute eyesight. (SInv)
You cover ground extremely quickly. (Speed+++)


Message History

Aim: a tengu warrior, wielding a +0 war axe, wearing a +0 leather armour and wearing a +0 kite shield (moderately wounded, 58% to hit)
You shoot an arrow. The arrow hits the tengu warrior!
You drain the tengu warrior.
The tengu warrior is severely wounded.
The tengu warrior hits you with a +0 war axe.
The tengu warrior barely misses you.
The tengu warrior claws you but does no damage.
Fire: M) +1 shortbow (drain)
Press: ? - help, Q - select action, (/) - cycle Shift-Dir - straight line, f/p - tengu warrior
Aim: a tengu warrior, wielding a +0 war axe, wearing a +0 leather armour and wearing a +0 kite shield (severely wounded, lightly drained, 58% to hit)
You shoot an arrow. The arrow misses the tengu warrior.
You block the tengu warrior's attack. The tengu warrior closely misses you.
The tengu warrior barely misses you.
Fire: M) +1 shortbow (drain)
Press: ? - help, Q - select action, (/) - cycle Shift-Dir - straight line, f/p - tengu warrior
Aim: a tengu warrior, wielding a +0 war axe, wearing a +0 leather armour and wearing a +0 kite shield (severely wounded, lightly drained, 58% to hit)
You shoot an arrow. The tengu warrior blocks the arrow.
Unknown command.
Fire: M) +1 shortbow (drain)
Press: ? - help, Q - select action, (/) - cycle Shift-Dir - straight line, f/p - tengu warrior
Aim: a tengu warrior, wielding a +0 war axe, wearing a +0 leather armour and wearing a +0 kite shield (severely wounded, lightly drained, 58% to hit)
You shoot an arrow. The tengu warrior blocks the arrow.
You block the tengu warrior's attack. The tengu warrior pecks you.
The tengu warrior claws you.
Fire: M) +1 shortbow (drain)
Press: ? - help, Q - select action, (/) - cycle Shift-Dir - straight line, f/p - tengu warrior
Aim: a tengu warrior, wielding a +0 war axe, wearing a +0 leather armour and wearing a +0 kite shield (severely wounded, lightly drained, 58% to hit)
You shoot an arrow.
The arrow barely misses the tengu warrior.
The tengu warrior hits you with a +0 war axe!
The tengu warrior closely misses you. The tengu warrior claws you.
* * * LOW HITPOINT WARNING * * *
Fire: M) +1 shortbow (drain)
Press: ? - help, Q - select action, (/) - cycle Shift-Dir - straight line, f/p - tengu warrior
Aim: a tengu warrior, wielding a +0 war axe, wearing a +0 leather armour and wearing a +0 kite shield (severely wounded, lightly drained, 58% to hit)
You shoot an arrow. The arrow hits the tengu warrior.
You drain the tengu warrior.
The tengu warrior is almost dead.
The tengu warrior hits you with a +0 war axe!
You die...

..#..........####...##...........
..#..[........###..#####.....#...
.............##........#...####..
#....#.................##.## #..
.....#.......#............#####..
.........#..###.............#.#..
.......####.#.....)...........).)
.........##....)................#
.)...#....#.....@Q..............#
....##.........................).
.....#...[.................#)....
###..#.....##....##........#.....
###.............## ..............
.############..## ..#....#.....
..##....[.......# ..>..###..##
..#..##.#.#.##.....# ..... #.)..
..#.##.######.......##....###....


You could see a tengu warrior (drained).

Vanquished Creatures
  Maggie (D:7)
  A wraith (D:5)
  4 yaks (D:6)
  A steam dragon (D:8)
  Menkaure (D:7)
  A black bear (D:6)
  2 ogres
  2 centaurs (D:8)
  4 bullfrogs
  3 gnoll sergeants
  4 scorpions
  9 wights
  A hound (D:5)
  2 jellies
  A gnoll bouda (D:5)
  3 sleepcaps
  Jessica (D:3)
  4 iguanas
  6 orc wizards
  16 gnolls
  8 adders
  A shadow imp (D:6)
  3 white imps (D:7)
  2 ufetubi (D:6)
  3 dart slugs (D:2)
  20 orcs
  4 endoplasms
  4 giant cockroaches
  7 goblins
  7 hobgoblins
  2 jackals (D:4)
  5 quokkas
  16 ball pythons
  5 bats
  3 frilled lizards
  11 kobolds
  10 rats
178 creatures vanquished.

Notes
Turn   | Place    | Note
-------+----------+-------------------------------------------
     0 | D:1      | monsoonserge the Spriggan Hunter began the quest for the
                  | Orb.
     0 | D:1      | Reached XP level 1. HP: 10/10 MP: 2/2
   122 | D:1      | Reached XP level 2. HP: 14/14 MP: 3/3
   274 | D:1      | Found a faded altar of an unknown god.
   515 | D:1      | You fall into a shaft and drop 1 floor!
   787 | D:2      | Reached skill level 5 in Ranged Weapons
   787 | D:2      | Reached XP level 3. HP: 16/18 MP: 4/4
  1198 | D:2      | Reached XP level 4. HP: 23/23 MP: 5/5
  2026 | D:3      | Found a runed translucent door.
  2030 | D:3      | Noticed a bullfrog
  2032 | D:3      | Noticed kaesle's ghost (amateur HOFi)
  2144 | D:3      | Noticed Jessica
  2163 | D:3      | Killed Jessica
  2164 | D:3      | Reached skill level 1 in Evocations
  2365 | D:4      | Noticed an ogre
  2406 | D:4      | Reached skill level 6 in Ranged Weapons
  2406 | D:4      | Reached XP level 5. HP: 26/26 MP: 6/6
  2453 | D:3      | Killed an ogre
  3044 | D:4      | Reached XP level 6. HP: 15/30 MP: 7/7
  3193 | D:4      | Reached skill level 7 in Ranged Weapons
  3486 | D:5      | Entered Level 5 of the Dungeon
  3516 | D:5      | Learned a level 2 spell: Blink
  3568 | D:5      | Noticed a wraith
  3573 | D:5      | Killed a wraith
  3574 | D:5      | Reached skill level 1 in Spellcasting
  3574 | D:5      | Reached skill level 1 in Translocations
  3574 | D:5      | Reached XP level 7. HP: 27/35 MP: 7/9
  3730 | D:5      | Found a snail-covered altar of Cheibriados.
  3731 | D:5      | Found a basalt altar of Yredelemnul.
  4260 | D:6      | Reached skill level 8 in Ranged Weapons
  4533 | D:6      | Reached XP level 8. HP: 39/39 MP: 10/10
  4610 | D:6      | Reached skill level 9 in Ranged Weapons
  4636 | D:6      | Reached skill level 5 in Translocations
  4692 | D:6      | Found a staircase to the Ecumenical Temple.
  4701 | Temple   | Entered the Ecumenical Temple
  4718 | Temple   | Became a worshipper of Warmaster Okawaru
  4744 | D:6      | Reached skill level 10 in Ranged Weapons
  4938 | D:6      | Found a broken altar of Ashenzari.
  4947 | D:6      | Reached XP level 9. HP: 38/45 MP: 11/11
  5377 | D:6      | Reached * piety under Okawaru
  5534 | D:7      | Reached skill level 5 in Dodging
  5574 | D:7      | Reached skill level 1 in Invocations
  5759 | D:7      | Identified the +0 robe of Elogekoagg {rElec rPois rCorr
                  | Slay+3}
  5985 | D:7      | Noticed Menkaure
  5988 | D:7      | Killed Menkaure
  6097 | D:7      | Noticed Maggie
  6110 | D:7      | Killed Maggie
  6110 | D:7      | Reached ** piety under Okawaru
  6111 | D:7      | Reached skill level 11 in Ranged Weapons
  6366 | D:7      | Found a stormy altar of Qazlal.
  6700 | D:8      | Reached skill level 5 in Fighting
  6996 | D:8      | Noticed a centaur warrior
  7010 | D:8      | Noticed a tengu warrior
  7158 | D:8      | Slain by a tengu warrior

Illustrated notes

Levels and vault maps discovered:
D:1:      scummos_arrival_forest, layout_basic,
          shapermc_ecumenical_altar_mp_vishouse, kennysheep_flooded_box
D:2:      layout_basic, st_stairs_9, chequers_big_river
D:3:      layout_basic, ebering_ghost_sewer_d, kennysheep_jessica_study
D:4:      layout_loops_ring, hangedman_decor_points
D:5:      layout_loops_ring, chequers_temple_overflow_statue_of_worship
D:6:      layout_basic, kennysheep_little_box, temple_statues
D:7:      layout_basic, nicolae_qazlal_scattered_showers, uniq_maggie,
          uniq_menkaure
D:8:      layout_cave_pools, minmay_small_thing
Temple:   hellmonk_temple_two_chambers

Skill      XL: |  1  2  3  4  5  6  7  8  9 |
---------------+----------------------------+-----
Ranged Weapons | 5 6 7 8 10 11 | 11.5
Dodging        | 3 4 5 |  5.2
Stealth        | 2 3 4 |  4.1
Evocations     | 1 |  1.0
Fighting       | 2 4 5 |  5.0
Spellcasting   | 1 2 |  2.0
Translocations | 1 3 5 6 |  6.0
Invocations    | 2 |  2.9

Action                     |  1- 3 |  4- 6 |  7- 9 || total
---------------------------+-------+-------+-------++-------
   Fire: Shortbow          |   128 |   123 |    24 ||   275
         Arbalest          |       |    33 |   232 ||   265
  Evoke: Wand              |       |       |     1 ||     1
    Use: Scroll            |       |       |     1 ||     1
 Armour: Robe              |     3 |     8 |     8 ||    19
         Skin              |       |       |     5 ||     5
  Dodge: Dodged            |    54 |    59 |    75 ||   188
  Block: Other             |       |    21 |    26 ||    47
         Reflection        |       |     2 |     1 ||     3
